 Dungeon Crawl Stone Soup version 0.28-a0-1624-g820543e53a (webtiles) character file.

Game seed: 659792213996603244

56 issech the Cudgeller (level 3, -1/36 HPs)
             Began as a Troll Monk on Jan 24, 2022.
             Succumbed to a scorpion's poison
             ... on level 4 of the Dungeon.
             The game lasted 00:03:55 (955 turns).

issech the Cudgeller (Troll Monk)                    Turns: 955, Time: 00:03:55

Health: -1/36      AC:  4    Str: 19    XL:     3   Next: 71%
Magic:  2/2        EV: 14    Int:  6    God:
Gold:   49         SH:  0    Dex: 14    Spells: 2/2 levels left

rFire   . . .      SeeInvis .   a - +0 mace
rCold   . . .      Faith    .   (no shield)
rNeg    . . .      Spirit   .   b - +0 robe
rPois   .          Reflect  .   (helmet restricted)
rElec   .          Harm     .   (no cloak)
rCorr   .          Rampage  .   (gloves unavailable)
Will    .....                   (boots unavailable)
Stlth   ++........              (no amulet)
HPRegen 0.92/turn               g - +4 ring of slaying
MPRegen 0.08/turn               j - +4 ring of evasion

@: lethally poisoned (-1 -> -11)
A: large, unfitting armour, claws 3, regeneration 1, shaggy fur 1, tough skin 1
a: no special abilities


You were on level 4 of the Dungeon.
You visited 1 branch of the dungeon, and saw 3 of its levels.

You collected 49 gold pieces.

Inventory:

Hand Weapons
 a - a +0 mace (weapon)
 h - a +0 hunting sling
 p - a +0 long sword
Missiles
 f - 35 stones (quivered)
 k - 28 arrows
 m - 18 bolts
Armour
 b - a +0 robe (worn)
Jewellery
 g - a +4 ring of slaying (left claw)
 j - a +4 ring of evasion (right claw)
Scrolls
 c - a scroll of identify
 e - a scroll of noise {unknown}
 n - a scroll of teleportation {unknown}
 o - a scroll of summoning {unknown}
 q - a scroll of amnesia {unknown}
Potions
 d - a potion of lignification
 i - a potion of attraction
 l - a potion of curing


   Skills:
 + Level 2.8 Fighting
 + Level 3.5 Maces & Flails
 + Level 2.8 Dodging
 + Level 1.1 Stealth


You had 2 spell levels left.
You didn't know any spells.
Your spell library was empty.

Dungeon Overview and Level Annotations

Branches:
Dungeon (2/15)

Altars:


Innate Abilities, Weirdness & Mutations

You are too large for most types of armour.
You have claws for hands.
Your natural rate of healing is unusually fast.
You are covered in fur. (AC +1)
You have tough skin. (AC +1)


Message History

You have reached level 3!
Your experience leads to an increase in your attributes!
Increase (S)trength, (I)ntelligence, or (D)exterity?
You feel agile. x2; You feel stronger.
A scorpion comes into view.
You now have 49 gold pieces (gained 10).
The scorpion stings you but does no damage.
You see here a wand of acid (5).
You sock the scorpion!
The scorpion is heavily wounded.
The scorpion barely misses you.
You barely miss the scorpion.
The scorpion is heavily wounded.
The scorpion closely misses you. The scorpion stings you.
You hit the scorpion.
The scorpion is severely wounded.
The scorpion stings you but does no damage.
You hit the scorpion.
The scorpion is severely wounded.
The scorpion stings you.
You hit the scorpion but do no damage.
The scorpion is severely wounded.
The scorpion stings you. The scorpion stings you!
You hit the scorpion.
The scorpion is severely wounded.
The scorpion stings you!
You are poisoned.
The scorpion poisons you!
You feel very sick.
You feel very sick. The scorpion barely misses you.
You feel sick.
You feel sick.
You see here a hound corpse.
You feel sick.
You feel sick. The scorpion stings you.
* * * LOW HITPOINT WARNING * * *
You are lethally poisoned!
The scorpion poisons you!
You die...

#......# .##......#
#.# .......... #.#
.........#####.#
...?...... ..#.#
.........###.#.#####
.........##.@.......
#...##....######
#......s.......#
#...#..†.....#.#
#...#......#.#.#
#...#..........#
#...#......#.#.#
#...#../####.# #
#...#..........


You could see a scorpion.

Vanquished Creatures
  A hound (D:4)
  6 ball pythons
  A bat (D:1)
  2 endoplasms (D:1)
  2 giant cockroaches
  2 goblins (D:1)
  4 hobgoblins
  A quokka (D:4)
  2 frilled lizards
  A kobold (D:1)
  A rat (D:2)
23 creatures vanquished.

Notes
Turn   | Place    | Note
-------+----------+-------------------------------------------
     0 | D:1      | issech the Troll Monk began the quest for the Orb.
     0 | D:1      | Reached XP level 1. HP: 22/22 MP: 0/0
    41 | D:1      | Found a faded altar of an unknown god.
   229 | D:1      | Reached XP level 2. HP: 29/29 MP: 1/1
   344 | D:1      | Reached skill level 3 in Maces & Flails
   910 | D:2      | You fall into a shaft and drop 2 floors!
   933 | D:4      | Reached XP level 3. HP: 32/36 MP: 2/2
   935 | D:4      | Noticed a scorpion
   955 | D:4      | Succumbed to a scorpion's poison

Illustrated notes

Levels and vault maps discovered:
D:1:      heliophobic_arrival_glass_houses, layout_basic,
          shapermc_ecumenical_altar_gd
D:2:      layout_basic, uniq_natasha
D:4:      layout_basic, kennysheep_generic_room_9

Skill      XL: |  1  2 |
---------------+-------+-----
Maces & Flails | 3 |  3.5
Fighting       | |  2.8
Dodging        | |  2.8
Stealth        | |  1.1

Action                   || total
-------------------------++-------
Melee: Mace              ||    52
       Punch             ||     1
  Use: Scroll            ||     3
 Stab: Sleeping          ||     1
Armor: Robe              ||    15
Dodge: Dodged            ||    27

Table legend: (Time is in decaauts)
 A = Elapsed time spent in this place.
 B = Non-inter-level travel time spent in this place.
 C = Inter-level travel time spent in this place.
 D = Time resting spent in this place.
 E = Time spent auto-exploring this place.
 F = Levels seen in this place.
 G = Mean time per level.
                   A        B        C        D        E       F      G
               +--------+--------+--------+--------+--------+-----+--------+
         Total |    967 |    838 |    129 |      0 |    370 |   3 |  322.3 |
       Dungeon |    967 |    838 |    129 |      0 |    370 |   3 |  322.3 |
               +--------+--------+--------+--------+--------+-----+--------+

Top non-repeatable levels by time:
     D:1: 798 daAuts
     D:2: 120 daAuts
     D:4: 48 daAuts
